AoeStats
← jeff0511

Arena

508923169Analyzed
4v4 RM · 8d ago on Sep 24, 2026· 54m 25s· 8 players
Game mode
Random Map
Map size
Large (8 player)
Population
200
Speed
Normal
Resources
Standard
Victory
Conquest
Starting age
Dark Age
Ending age
Imperial Age
RankedLock teamsTeams togetherTeam positionsShared explorationLock speedFull tech treeHidden civsTurbo modeCheats
Victory
Defeat
🇹🇼 Franks · Taiwan
1160
+13
🇲🇲 Teutons · Myanmar (Burma)
1143
+13
🇹🇼 Varangians · Taiwan
1109
+15
🇹🇼 Vietnamese · Taiwan
1074
+15
🇻🇳 Romans · Vietnam
1100
-15
🇹🇼 Khmer · Taiwan
1097
-15
🇹🇼 Sicilians · Taiwan
1089
-14
🇹🇼 Mongols · Taiwan
1033
-12
xi jinping
11:08 Feudal Age
15:35 Castle Age
13:46 Double-Bit Axe
14:02 Horse Collar
16:35 Heavy Plow
16:48 Bow Saw
18:01 Wheelbarrow
26:38 Hand Cart
27:39 Loom
30:26 Imperial Age
28:00 Gold Mining
28:00 Stone Mining
28:57 Town Watch
29:21 Scale Barding Armor
29:26 Forging
29:57 Town Patrol
30:40 Chain Barding Armor
30:55 Iron Casting
30:23 Chatras
30:46 Elite Battle Elephant
31:37 Bloodlines
31:28 Husbandry
40:27 Plate Barding Armor
42:02 Stone Shaft Mining
42:27 Padded Archer Armor
42:18 Fletching
44:00 Paper Money
43:42 Elite Rattan Archer
45:30 Hoardings
44:54 Bodkin Arrow
45:14 Leather Archer Armor
45:06 Thumb Ring
45:50 Fortified Wall
46:02 Ballistics
46:43 Chemistry
53:34 Two-Man Saw
52:54 Bracer
53:25 Ring Archer Armor
Monkidz
10:50 Feudal Age
15:38 Castle Age
13:47 Double-Bit Axe
14:09 Horse Collar
15:30 Fletching
30:16 Imperial Age
28:58 Wheelbarrow
28:51 Bodkin Arrow
29:55 Bow Saw
33:28 Hand Cart
32:59 Loom
34:00 Conscription
33:33 Town Watch
34:48 Forging
34:44 Scale Barding Armor
35:01 Gold Mining
35:01 Stone Mining
36:12 Two-Man Saw
35:15 Heavy Plow
35:07 Vendel Legacy
36:24 Iron Casting
37:50 Crop Rotation
38:23 Chain Barding Armor
38:29 Bloodlines
38:20 Husbandry
38:49 Town Patrol
40:12 Blast Furnace
39:47 Plate Barding Armor
39:48 Elite Jarl
42:28 Stone Shaft Mining
46:00 Ballistics
46:41 Chemistry
50:55 Scale Mail Armor
50:18 Cavalier
itsDuDu
8:27 Loom
10:14 Feudal Age
11:51 Loom
14:35 Castle Age
12:55 Double-Bit Axe
13:24 Horse Collar
15:00 Gold Mining
18:30 Heavy Plow
20:23 Scale Barding Armor
22:11 Wheelbarrow
21:59 Bloodlines
24:38 Wheelbarrow
25:30 Stone Mining
27:56 Hand Cart
27:50 Town Watch
30:29 Stone Shaft Mining
34:55 Imperial Age
33:55 Town Patrol
34:36 Fortified Wall
34:37 Masonry
36:03 Cavalier
49:59 Forging
52:57 Iron Casting
53:15 Chain Barding Armor
54:09 Capped Ram
55:20 Ballistics
55:06 Siege Engineers
kukucdenss
7:46 Loom
10:03 Feudal Age
17:08 Castle Age
16:06 Double-Bit Axe
17:41 Scale Mail Armor
17:42 Gambesons
19:26 Fletching
21:26 Bodkin Arrow
24:12 Wheelbarrow
25:00 Bow Saw
31:56 Imperial Age
30:10 Pikeman
30:51 Squires
31:28 Forging
31:43 Hand Cart
31:23 Gold Mining
32:28 Chain Mail Armor
35:18 Plate Mail Armor
34:11 Halberdier
36:24 Iron Casting
36:32 Conscription
36:05 Stone Mining
36:25 Cavalier
38:27 Blast Furnace
38:31 Scale Barding Armor
39:23 Husbandry
40:09 Gold Shaft Mining
40:00 Ballistics
39:58 Paladin
43:03 Chain Barding Armor
44:33 Plate Barding Armor
46:22 Chemistry
52:31 Caravan
54:21 Illumination
onlysyou13
11:07 Feudal Age
15:52 Castle Age
14:54 Double-Bit Axe
16:05 Horse Collar
22:01 Wheelbarrow
22:34 Bow Saw
30:49 Stone Mining
30:49 Gold Mining
32:00 Heavy Plow
32:43 Stone Shaft Mining
32:45 Gold Shaft Mining
34:55 Imperial Age
32:42 Hand Cart
33:47 Bloodlines
33:37 Husbandry
34:15 Forging
34:50 Scale Barding Armor
35:23 Murder Holes
35:52 Elite Steppe Lancer
37:10 Iron Casting
37:39 Conscription
40:09 Chain Barding Armor
46:04 Drill
jeff0511
10:37 Feudal Age
14:26 Castle Age
17:48 Pikeman
18:37 Loom
22:21 Fletching
22:28 Double-Bit Axe
35:05 Scale Mail Armor
35:17 Forging
kenghsien77
10:58 Feudal Age
14:16 Castle Age
12:40 Double-Bit Axe
12:46 Horse Collar
14:10 Bloodlines
22:40 Wheelbarrow
27:19 Imperial Age
28:28 Light Cavalry
29:10 Husbandry
30:32 Elite Ballista Elephant
32:03 Conscription
31:52 Hussar
33:34 Forging
33:48 Scale Barding Armor
34:15 Scale Mail Armor
34:52 Iron Casting
35:22 Chain Barding Armor
36:06 Chain Mail Armor
35:22 Pikeman
37:05 Hand Cart
36:37 Loom
36:47 Halberdier
37:00 Halberdier
39:42 Blast Furnace
39:29 Bow Saw
satc1014
10:39 Feudal Age
11:43 Loom
14:35 Castle Age
12:47 Double-Bit Axe
12:44 Horse Collar
16:08 Heavy Plow
21:30 Bow Saw
22:07 Wheelbarrow
30:53 Imperial Age
29:41 Hand Cart
30:24 Town Watch
31:50 Scale Mail Armor
31:52 Squires
31:15 Man-at-Arms
32:21 Forging
32:35 Ballistics
33:07 Gold Mining
33:07 Stone Mining
32:53 Long Swordsman
33:53 Chain Mail Armor
34:30 Conscription
34:16 Ballistas
35:21 Iron Casting
34:29 Heavy Scorpion
37:06 Blast Furnace
37:40 Legionary
42:24 Town Patrol
43:27 Chemistry
43:40 Siege Engineers
45:45 Comitatenses
Connection lost

Rejoining the realm…

Still unreachable

The connection could not be restored.

Session expired

The server has moved on; the page needs a fresh start.